 Dungeon Crawl Stone Soup version 0.27.0-1-g7a089689b8 (webtiles) character file.

Game seed: 1616588515971114137

7 Leibowitz the Cutter (level 2, -1/19 HPs)
             Began as a Kobold Berserker on Aug 6, 2021.
             Was a Follower of Trog.
             Slain by a hobgoblin (4 damage)
             ... on level 1 of the Dungeon.
             The game lasted 00:00:42 (123 turns).

Leibowitz the Cutter (Kobold Berserker)              Turns: 123, Time: 00:00:43

Health: -1/19      AC:  2    Str: 14    XL:     2   Next: 5%
Magic:  2/2        EV: 15    Int:  8    God:    Trog [*.....]
Gold:   0          SH:  0    Dex: 14    Spells: 1/1 levels left

rFire    . . .     SeeInvis .   a - +0 short sword
rCold    . . .     Faith    .   (shield restricted)
rNeg     . . .     Spirit   .   b - +0 animal skin
rPois    .         Reflect  .   (no helmet)
rElec    .         Harm     .   (no cloak)
rCorr    .         Rampage  .   (no gloves)
Will     .....                  (no boots)
Stlth    +++.......             (no amulet)
HPRegen  0.06/turn              (no ring)
MPRegen  0.08/turn              (no ring)

@: no status effects
A: small, no large weapons, nightstalker 3
a: Renounce Religion, Berserk


You were on level 1 of the Dungeon.
You worshipped Trog.
Trog was aware of your devotion.
You visited 1 branch of the dungeon, and saw 1 of its levels.

Inventory:

Hand Weapons
 a - a +0 short sword (weapon)
Armour
 b - a +0 animal skin (worn)
Scrolls
 c - a scroll of fog {unknown}
Potions
 d - a potion of might {unknown}


   Skills:
 * Level 3.4 Fighting
 * Level 4.1 Short Blades
 + Level 1.5 Armour
 * Level 2.6 Dodging
 * Level 1.1 Stealth


You had one spell level left.
You didn't know any spells.
Your spell library was empty.

Dungeon Overview and Level Annotations

Branches:
Dungeon (1/15)

Altars:

Shops:
D:1 !


Innate Abilities, Weirdness & Mutations

You are small and have problems with some larger weapons.
You are completely attuned to the shadows.


Message History

You hit the jackal.
The jackal is almost dead.
The jackal barely misses you. The jackal bites you.
You miss the jackal.
The jackal is almost dead.
The jackal barely misses you.
You closely miss the jackal.
The jackal is almost dead.
The jackal bites you.
You closely miss the jackal.
The jackal is almost dead.
The jackal bites you.
* * * LOW HITPOINT WARNING * * *
You miss the jackal.
The jackal is almost dead.
The jackal completely misses you. The jackal misses you.
You hit the jackal.
You kill the jackal!
Trog accepts your kill.
You hit the hobgoblin.
You kill the hobgoblin!
Trog accepts your kill.
You have reached level 2!
You hit the hobgoblin.
The hobgoblin is lightly wounded.
The hobgoblin barely misses you.
You hit the hobgoblin.
The hobgoblin is moderately wounded.
The hobgoblin closely misses you.
You closely miss the hobgoblin.
The hobgoblin is moderately wounded.
The hobgoblin hits you.
* * * LOW HITPOINT WARNING * * *
You closely miss the hobgoblin.
The hobgoblin is moderately wounded.
The hobgoblin hits you but does no damage.
You hit the hobgoblin.
The hobgoblin is almost dead.
The hobgoblin hits you.
You die...

#.#. ... ########## #.#
.........########.#
.<................#.......
........#########.#.......
........## #.g@.#.....!.
.....#...## #.####.......
....###...## #..g.g.......
##.## ##...###...........h
#.# ##...##..≈≈≈≈≈≈≈...
##.# ##...#.......≈....
#..# ##(##...≈........
#.## #........ #.#
####.....


You could see a hobgoblin.

Vanquished Creatures
  An endoplasm (D:1)
  A hobgoblin (D:1)
  2 jackals (D:1)
  A ball python (D:1)
  A frilled lizard (D:1)
6 creatures vanquished.

Notes
Turn   | Place    | Note
-------+----------+-------------------------------------------
     0 | D:1      | Leibowitz the Kobold Berserker began the quest for the Orb.
     0 | D:1      | Reached XP level 1. HP: 14/14 MP: 1/1
    15 | D:1      | Found a faded altar of an unknown god.
    18 | D:1      | Found Yqaph's Distillery.
   109 | D:1      | Reached skill level 1 in Stealth
   119 | D:1      | Reached XP level 2. HP: 4/19 MP: 2/2
   123 | D:1      | Slain by a hobgoblin

Illustrated notes

Levels and vault maps discovered:
D:1:      elethiomel_arrival_shortcut, layout_basic, serial_shops, shop, shop,
          serial_rivers, chequers_serial_rivers_micro_e,
          chequers_serial_rivers_small_b, chequers_serial_rivers_micro_e,
          chequers_serial_rivers_small_a,
          chequers_ecumenical_altar_simple_redux, minmay_tetromino_o2

Skill      XL: |  1 |
---------------+----+-----
Stealth        | 1 |  1.1
Fighting       | |  3.4
Short Blades   | |  4.1
Armour         | |  1.5
Dodging        | |  2.6

Action                   || total
-------------------------++-------
Melee: Short sword       ||    23
 Stab: Sleeping          ||     2
Armor: Animal skin       ||     2
Dodge: Dodged            ||    13
